[Event "GER-chW Blitz 2019"]
[Site "Magdeburg"]
[Date "2019.05.25"]
[Round "22.12"]
[White "Ries, Jutta"]
[Black "Kushka, Alena"]
[Result "1-0"]
[ECO "A03"]
[WhiteElo "2017"]
[BlackElo "2148"]
[Annotator "NA"]
[PlyCount "77"]
[EventDate "2019.05.25"]
[EventType "tourn"]
[EventCountry "GER"]
[SourceTitle "playchess.com"]
[Source "ChessBase"]
[SourceQuality "1"]
[TimeControl "180+2"]

1. f4 d5 2. Nf3 c5 3. b3 Nc6 4. Bb2 Nf6 5. e3 g6 6. Bb5 Bg7 7. Bxc6+ bxc6 8. O-O O-O 9. Qe2 a5 10. d3 Ba6 11. Nbd2 Rb8 12. Ne5 Qc7 13. Ba3 Qb6 14. Rab1 Rfe8 15. Ndf3 c4 16. bxc4 Qxb1 17. Rxb1 Rxb1+ 18. Ne1 dxc4 19. Nxc6 cxd3 20. cxd3 Nd5 21. Kf2 e5 22. Qc2 Rb6 23. Nxe5 Bxe5 24. fxe5 Rxe5 25. Bc5 Rf5+ 26. Kg3 Rg5+ 27. Kf3 Rf6+ 28. Ke2 Re6 29. e4 Nf4+ 30. Kd1 h5 31. Be3 Nxg2 32. Nxg2 Rb5 33. Ne1 Kh7 34. Bd2 h4 35. Qc7 Rb1+ 36. Ke2 Rxe4+ 37. Kf2 Bxd3 38. Qxf7+ Kh8 39. Bc3+ 1-0

[Event "GER-chW Blitz 2019"]
[Site "Magdeburg"]
[Date "2019.05.25"]
[Round "23.1"]
[White "Kushka, Alena"]
[Black "Roesler, Hannah Clara Hed"]
[Result "0-1"]
[ECO "A57"]
[WhiteElo "2148"]
[BlackElo "1619"]
[Annotator "NA"]
[PlyCount "50"]
[EventDate "2019.05.25"]
[EventType "tourn"]
[EventCountry "GER"]
[SourceTitle "playchess.com"]
[Source "ChessBase"]
[SourceQuality "1"]
[TimeControl "180+2"]

1. d4 Nf6 2. c4 c5 3. d5 b5 4. cxb5 a6 5. f3 g6 6. e4 Bb7 7. Nh3 Bg7 8. Nc3 O-O 9. bxa6 Nxa6 10. Bc4 d6 11. O-O Qa5 12. Re1 Nd7 13. Qe2 Nb6 14. Bb3 Nb4 15. Bg5 f6 16. Be3 Ba6 17. Qd2 Nc4 18. Bxc4 Bxc4 19. Nf2 f5 20. a3 Na6 21. exf5 Bxc3 22. bxc3 Nc7 23. fxg6 hxg6 24. Bg5 Nxd5 25. Bxe7 Rfe8 0-1

[Event "GER-chW Blitz 2019"]
[Site "Magdeburg"]
[Date "2019.05.25"]
[Round "23.2"]
[White "Schulze, Lara"]
[Black "Ries, Jutta"]
[Result "0-1"]
[ECO "B03"]
[WhiteElo "2160"]
[BlackElo "2017"]
[Annotator "NA"]
[PlyCount "63"]
[EventDate "2019.05.25"]
[EventType "tourn"]
[EventCountry "GER"]
[SourceTitle "playchess.com"]
[Source "ChessBase"]
[SourceQuality "1"]
[TimeControl "180+2"]

1. e4 Nf6 2. e5 Nd5 3. c4 Nb6 4. d4 d6 5. exd6 cxd6 6. Nc3 g6 7. b3 Bg7 8. Be3 O-O 9. Rc1 Nc6 10. Be2 e5 11. Nf3 Nd7 12. O-O Nf6 13. h3 Nh5 14. dxe5 dxe5 15. Qxd8 Rxd8 16. Nd5 Be6 17. Ng5 Bxd5 18. cxd5 Nd4 19. Bxh5 gxh5 20. Bxd4 exd4 21. Rc7 Rxd5 22. Rxb7 Rxg5 23. Rd1 h4 24. a4 Rc5 25. b4 Rc4 26. a5 Bf8 27. b5 Ra4 28. a6 Rb4 29. Kf1 Bc5 30. Ke2 Re8+ 31. Kd3 Rc8 32. Rc1 0-1

[Event "GER-chW Blitz 2019"]
[Site "Magdeburg"]
[Date "2019.05.25"]
[Round "23.3"]
[White "Braje, Monika"]
[Black "Lubbe, Melanie"]
[Result "1-0"]
[ECO "B21"]
[WhiteElo "1781"]
[BlackElo "2278"]
[Annotator "NA"]
[PlyCount "91"]
[EventDate "2019.05.25"]
[EventType "tourn"]
[EventCountry "GER"]
[SourceTitle "playchess.com"]
[Source "ChessBase"]
[SourceQuality "1"]
[TimeControl "180+2"]

1. e4 c5 2. d4 cxd4 3. c3 d3 4. Bxd3 d6 5. h3 Nc6 6. Nf3 Nf6 7. O-O g6 8. Qe2 Bg7 9. Bf4 O-O 10. Rd1 Qa5 11. Nbd2 Nd7 12. Nc4 Qc7 13. Rac1 a6 14. Bb1 b5 15. Ne3 Nde5 16. Nd5 Qd8 17. Nd4 Bb7 18. Nxc6 Bxc6 19. Nb4 Bb7 20. Bh2 Re8 21. f4 Nc4 22. b3 Qb6+ 23. Kh1 Na3 24. Bd3 a5 25. Nd5 Bxd5 26. exd5 b4 27. c4 a4 28. f5 axb3 29. axb3 Rac8 30. fxg6 hxg6 31. Bg1 Qb7 32. Be3 e6 33. dxe6 Rxe6 34. Qf2 Rce8 35. Bf4 Qc6 36. Bd2 Rf6 37. Qg3 Qc5 38. Re1 Rfe6 39. Rf1 Be5 40. Qh4 Bg7 41. Qf2 Bd4 42. Qxf7+ Kh8 43. Bxg6 Bg7 44. Rf5 Re5 45. Rh5+ Rxh5 46. Qxe8+ 1-0

[Event "GER-chW Blitz 2019"]
[Site "Magdeburg"]
[Date "2019.05.25"]
[Round "23.4"]
[White "Mader, Lena"]
[Black "Fuchs, Judith"]
[Result "0-1"]
[ECO "A27"]
[WhiteElo "1839"]
[BlackElo "2218"]
[Annotator "NA"]
[PlyCount "71"]
[EventDate "2019.05.25"]
[EventType "tourn"]
[EventCountry "GER"]
[SourceTitle "playchess.com"]
[Source "ChessBase"]
[SourceQuality "1"]
[TimeControl "180+2"]

1. c4 e5 2. Nc3 Nc6 3. Nf3 Bc5 4. e3 Nf6 5. d4 exd4 6. exd4 Bb4 7. d5 Ne7 8. Bd3 d6 9. O-O O-O 10. h3 Bf5 11. Nd4 Bg6 12. Bxg6 Nxg6 13. Qc2 Qd7 14. a3 Bc5 15. Nf3 a5 16. Bg5 Ne8 17. Nb5 h6 18. Bd2 Nf6 19. b4 Bb6 20. Nbd4 c5 21. bxc5 Bxc5 22. Qb2 Rfe8 23. Rfe1 Ne4 24. Be3 Rac8 25. Qb5 Qc7 26. a4 Nc3 27. Qb2 Ne4 28. Nb5 Qd7 29. Nbd4 Nf6 30. Qb5 Qc7 31. Qb2 Re7 32. Qb5 Rce8 33. Reb1 b6 34. Nc6 Rxe3 35. fxe3 Bxe3+ 36. Kh1 0-1

[Event "GER-chW Blitz 2019"]
[Site "Magdeburg"]
[Date "2019.05.25"]
[Round "23.5"]
[White "Zimmer, Elke"]
[Black "Kotyk, Valeriya"]
[Result "0-1"]
[ECO "C01"]
[WhiteElo "1926"]
[BlackElo "1739"]
[Annotator "NA"]
[PlyCount "97"]
[EventDate "2019.05.25"]
[EventType "tourn"]
[EventCountry "GER"]
[SourceTitle "playchess.com"]
[Source "ChessBase"]
[SourceQuality "1"]
[TimeControl "180+2"]

1. e4 e6 2. d4 d5 3. exd5 exd5 4. Nf3 Nc6 5. Bd3 Bd6 6. c3 Nge7 7. O-O O-O 8. Bg5 f6 9. Bh4 Bf5 10. Qc2 Qd7 11. Nbd2 Rfe8 12. Bg3 Bxd3 13. Qxd3 Bxg3 14. hxg3 Qf5 15. Qb5 b6 16. Rfe1 a6 17. Qa4 b5 18. Qb3 Ng6 19. Nf1 Nce7 20. Ne3 Qd7 21. a4 c6 22. axb5 axb5 23. Qc2 Nf8 24. Nh4 Rxa1 25. Rxa1 g6 26. Qb1 Nc8 27. Ra8 Nd6 28. Rxe8 Qxe8 29. Qa2 Ne6 30. Qa7 Nc4 31. Nxc4 bxc4 32. Qb7 Nd8 33. Qa8 Kf7 34. Nf3 Ne6 35. Qb7+ Kg8 36. Kf1 Nd8 37. Qa7 Qf7 38. Qa8 Qd7 39. Ne1 Kf7 40. Nc2 Ke6 41. Nb4 Kd6 42. f3 h5 43. Kf2 Ke7 44. Qb8 g5 45. f4 Qd6 46. Qa7+ Ke6 47. fxg5 fxg5 48. Qg7 Qe7 49. Qe5+ {[%emt 0:00:03] Kf5 [%clk 0:00:07] Qxf5 [%clk 0:00:10]} 0-1

[Event "GER-chW Blitz 2019"]
[Site "Magdeburg"]
[Date "2019.05.25"]
[Round "23.6"]
[White "Kopylov, Luba"]
[Black "Silz, Elisa"]
[Result "0-1"]
[ECO "E81"]
[WhiteElo "2078"]
[BlackElo "1977"]
[Annotator "NA"]
[PlyCount "100"]
[EventDate "2019.05.25"]
[EventType "tourn"]
[EventCountry "GER"]
[SourceTitle "playchess.com"]
[Source "ChessBase"]
[SourceQuality "1"]
[TimeControl "180+2"]

1. d4 Nf6 2. c4 g6 3. Nc3 Bg7 4. e4 d6 5. f3 O-O 6. Be3 a6 7. Qd2 b6 8. Nge2 c5 9. g4 cxd4 10. Nxd4 Nfd7 11. h4 Bb7 12. h5 Ne5 13. Bh6 Nbc6 14. Bxg7 Nxd4 15. Qh6 Ndxf3+ 16. Kd1 Nxg4 17. Qf4 Nf2+ 18. Kc2 Nd4+ 19. Bxd4 e5 20. Qh6 Nxh1 21. hxg6 fxg6 22. Bh3 exd4 23. Be6+ Kh8 24. Rxh1 Qe7 25. Nd5 Bxd5 26. exd5 Qg7 27. Qg5 Qf6 28. Qh6 Ra7 29. Rh2 Qf4 30. Qxf4 Rxf4 31. Kd3 Kg7 32. a4 Kf6 33. b4 h5 34. a5 bxa5 35. bxa5 Rb7 36. Bc8 Rb3+ 37. Kc2 Rc3+ 38. Kd2 Ra3 39. Rh1 Rff3 40. Bxa6 Ra2+ 41. Ke1 Ra1+ 42. Ke2 Re3+ 43. Kd2 Rxh1 44. c5 dxc5 45. Bc4 Ra1 46. a6 g5 47. d6 g4 48. d7 Ke7 49. Bb5 g3 50. d8=Q+ Kxd8 0-1

[Event "GER-chW Blitz 2019"]
[Site "Magdeburg"]
[Date "2019.05.25"]
[Round "23.7"]
[White "Gheng, Simona"]
[Black "Rath, Alina"]
[Result "1/2-1/2"]
[ECO "B20"]
[WhiteElo "1991"]
[BlackElo "2042"]
[Annotator "NA"]
[PlyCount "115"]
[EventDate "2019.05.25"]
[EventType "tourn"]
[EventCountry "GER"]
[SourceTitle "playchess.com"]
[Source "ChessBase"]
[SourceQuality "1"]
[TimeControl "180+2"]

1. e4 c5 2. c4 Nc6 3. Nc3 g6 4. g3 Bg7 5. Bg2 e6 6. Nge2 Nge7 7. O-O O-O 8. d3 Nd4 9. Nxd4 cxd4 10. Ne2 d5 11. b3 dxc4 12. bxc4 e5 13. a4 Bg4 14. f3 Be6 15. Ba3 Re8 16. f4 f6 17. Bxe7 Rxe7 18. f5 Bf7 19. g4 g5 20. Ng3 Bf8 21. Rb1 b6 22. Rf2 Rc8 23. Rfb2 Rec7 24. Nh5 Bxh5 25. gxh5 h6 26. Qg4 Kh7 27. Bf3 Qe8 28. Rb5 Bc5 29. Kh1 a6 30. R5b2 Qxa4 31. h4 Rg8 32. Rg2 Rcg7 33. Rbg1 a5 34. hxg5 Rxg5 35. Qh3 Qe8 36. Rxg5 Rxg5 37. Rxg5 hxg5 38. Qg2 b5 39. Qa2 bxc4 40. Qxc4 Bf8 41. Bd1 Kg7 42. Ba4 Qxh5+ 43. Kg2 Qf7 44. Qa6 Bb4 45. Bb5 Qe7 46. Qa8 Bc3 47. Kf3 Qf7 48. Bc4 Qh5+ 49. Kg2 Qg4+ 50. Kh1 Qh3+ 51. Kg1 Qg3+ 52. Kh1 Qe1+ 53. Kg2 Qe2+ 54. Kg1 Qe3+ 55. Kg2 Qe2+ 56. Kg1 Qe1+ 57. Kg2 Qg1+ 58. Kxg1 1/2-1/2

[Event "GER-chW Blitz 2019"]
[Site "Magdeburg"]
[Date "2019.05.25"]
[Round "23.8"]
[White "Kunze, Kerstin"]
[Black "Birkholz, Olga"]
[Result "0-1"]
[ECO "B53"]
[WhiteElo "2066"]
[BlackElo "2031"]
[Annotator "NA"]
[PlyCount "79"]
[EventDate "2019.05.25"]
[EventType "tourn"]
[EventCountry "GER"]
[SourceTitle "playchess.com"]
[Source "ChessBase"]
[SourceQuality "1"]
[TimeControl "180+2"]

1. e4 c5 2. Nf3 d6 3. d4 cxd4 4. Qxd4 Nc6 5. Bb5 e5 6. Qd2 Bd7 7. O-O Nf6 8. Re1 Be7 9. c4 O-O 10. Nc3 Re8 11. Nd5 Bf8 12. Qc2 a6 13. Bxc6 bxc6 14. Ne3 Be6 15. b3 Qc7 16. Bb2 a5 17. a3 Rab8 18. Bc3 Qb6 19. Rab1 Ng4 20. Ng5 Bd7 21. h3 Nf6 22. b4 axb4 23. axb4 h6 24. Nf3 Be6 25. Nh4 Nh5 26. Kh2 Nf4 27. Ng4 Bxc4 28. Rbd1 h5 29. Ne3 Be6 30. Nhf5 Rbd8 31. g3 Ng6 32. Qe2 d5 33. Qxh5 d4 34. Ng4 dxc3 35. Rxd8 Rxd8 36. Nfe3 Rd2 37. Qg5 Be7 38. Qh5 c2 39. Kg1 Qd4 40. Nh2 0-1

[Event "GER-chW Blitz 2019"]
[Site "Magdeburg"]
[Date "2019.05.25"]
[Round "23.9"]
[White "Kreismann, Franziska"]
[Black "Hofmann, Karina"]
[Result "0-1"]
[ECO "A40"]
[WhiteElo "1589"]
[BlackElo "1700"]
[Annotator "NA"]
[PlyCount "80"]
[EventDate "2019.05.25"]
[EventType "tourn"]
[EventCountry "GER"]
[SourceTitle "playchess.com"]
[Source "ChessBase"]
[SourceQuality "1"]
[TimeControl "180+2"]

1. d4 b6 2. e4 Bb7 3. Nc3 g6 4. Nf3 Bg7 5. Bd3 d6 6. Bd2 Nd7 7. d5 Nc5 8. Qe2 e6 9. O-O-O Ne7 10. dxe6 fxe6 11. Rhe1 e5 12. Be3 Nxd3+ 13. Rxd3 Qd7 14. Kb1 O-O-O 15. Bg5 Rhf8 16. Bxe7 Qxe7 17. Nd5 Bxd5 18. exd5 Kb7 19. Ra3 a5 20. Qb5 Qd7 21. Rxa5 Qxb5 22. Rxb5 Rf4 23. a4 h6 24. a5 Ra4 25. axb6 cxb6 26. Rb3 Rda8 27. Kc1 e4 28. Nd2 Ra1+ 29. Nb1 h5 30. Rxe4 Bh6+ 31. f4 Rc8 32. Reb4 Ra6 33. Na3 Rc5 34. Rd3 Bg7 35. Rc4 Raa5 36. Rxc5 bxc5 37. c4 Ra4 38. Rb3+ Kc7 39. Nb5+ Kd7 40. Re3 Rxc4+ {[%emt 0:00:04] Re6 [%clk 0:00:10]} 0-1

[Event "GER-chW Blitz 2019"]
[Site "Magdeburg"]
[Date "2019.05.25"]
[Round "23.10"]
[White "Daemering, Katrin"]
[Black "Siegl, Melina"]
[Result "0-1"]
[ECO "A04"]
[WhiteElo "2003"]
[BlackElo "2029"]
[Annotator "NA"]
[PlyCount "84"]
[EventDate "2019.05.25"]
[EventType "tourn"]
[EventCountry "GER"]
[SourceTitle "playchess.com"]
[Source "ChessBase"]
[SourceQuality "1"]
[TimeControl "180+2"]

1. Nf3 d6 2. g3 e5 3. d3 f5 4. Bg2 Nf6 5. Nc3 g6 6. e4 c6 7. exf5 Bxf5 8. h3 Bg7 9. Be3 Na6 10. Qd2 h6 11. g4 Be6 12. g5 Ng8 13. O-O-O h5 14. Nh4 Ne7 15. Ne4 Bf7 16. d4 Nf5 17. Nxf5 gxf5 18. Nf6+ Bxf6 19. gxf6 e4 20. Bg5 Qb6 21. a3 O-O-O 22. Qc3 Nc7 23. h4 Nb5 24. Qb4 c5 25. dxc5 dxc5 26. Qe1 Nd4 27. Bh3 Qe6 28. Qa5 Qc4 29. Rxd4 cxd4 30. Bxf5+ Kb8 31. Bxe4 Qa2 32. Qe5+ Ka8 33. Qc7 Rb8 34. Bf4 Qa1+ 35. Kd2 Qxb2 36. Rc1 Qxa3 37. Ke1 Rhc8 38. Qxf7 Re8 39. f3 Rxe4+ 40. fxe4 Qc3+ 41. Kf2 d3 42. cxd3 Qb2+ 0-1

[Event "GER-chW Blitz 2019"]
[Site "Magdeburg"]
[Date "2019.05.25"]
[Round "23.11"]
[White "Sieber, Fiona"]
[Black "Muetsch, Annmarie"]
[Result "1-0"]
[ECO "B47"]
[WhiteElo "2250"]
[BlackElo "2266"]
[Annotator "NA"]
[PlyCount "57"]
[EventDate "2019.05.25"]
[EventType "tourn"]
[EventCountry "GER"]
[SourceTitle "playchess.com"]
[Source "ChessBase"]
[SourceQuality "1"]
[TimeControl "180+2"]

1. e4 c5 2. Nf3 e6 3. d4 cxd4 4. Nxd4 Nc6 5. Nc3 Qc7 6. f4 a6 7. Nxc6 Qxc6 8. Bd3 b5 9. Qe2 Bb7 10. Bd2 Bc5 11. O-O-O Ne7 12. a3 O-O 13. Qh5 f6 14. Rhf1 Rf7 15. g4 Rc8 16. f5 b4 17. axb4 Bxb4 18. g5 exf5 19. exf5 fxg5 20. f6 Ng6 21. Bxg6 hxg6 22. Qxg6 Rxf6 23. Qxg5 Rg6 24. Qf4 a5 25. Qf7+ Kh7 26. Rf5 Rh6 27. Bxh6 Qxh6+ 28. Kb1 Bxc3 29. Rh5 1-0

[Event "GER-chW Blitz 2019"]
[Site "Magdeburg"]
[Date "2019.05.25"]
[Round "23.12"]
[White "Osmanodja, Filiz"]
[Black "Michna, Marta"]
[Result "1/2-1/2"]
[ECO "C01"]
[WhiteElo "2260"]
[BlackElo "2355"]
[Annotator "NA"]
[PlyCount "54"]
[EventDate "2019.05.25"]
[EventType "tourn"]
[EventCountry "GER"]
[SourceTitle "playchess.com"]
[Source "ChessBase"]
[SourceQuality "1"]
[TimeControl "180+2"]

1. e4 e6 2. d4 d5 3. exd5 exd5 4. Bd3 Nc6 5. c3 Bd6 6. h3 Nge7 7. Ne2 h6 8. Nf4 O-O 9. O-O Bxf4 10. Bxf4 Bf5 11. Bxf5 Nxf5 12. Qg4 Nce7 13. Nd2 c6 14. Rae1 Re8 15. Be5 Qc8 16. Nf3 Ng6 17. Bh2 Qd7 18. Ne5 Nxe5 19. Bxe5 Rad8 20. Re3 g6 21. Rf3 Kh7 22. Bf6 Rc8 23. h4 Re4 24. Rf4 Rxf4 25. Qxf4 Re8 26. g4 Nd6 27. Be5 Nc4 1/2-1/2